 Dungeon Crawl Stone Soup version 0.29-a0-322-g68df515428 (webtiles) character file.

Game seed: 16426632969648380871

222 Murumi the Sneak (level 5, -1/30 HPs)
             Began as a Vampire Enchanter on Apr 9, 2022.
             Slain by an orc
             ... wielding a +0 hand axe
              (6 damage)
             ... on level 4 of the Dungeon.
             The game lasted 00:09:47 (3045 turns).

Murumi the Sneak (Vampire Enchanter)                Turns: 3045, Time: 00:09:48

Health: -1/30      AC:  3    Str: 13    XL:     5   Next: 66%
Magic:  1/17       EV: 13    Int: 17    God:
Gold:   148        SH:  0    Dex: 17    Spells: 3/8 levels left

rFire   . . .      SeeInvis +   a - +1 dagger
rCold   + + .      Faith    .   (no shield)
rNeg    + + +      Spirit   .   b - +0 robe
rPois   ∞          Reflect  .   (no helmet)
rElec   .          Harm     .   (no cloak)
rCorr   .          Rampage  .   o - +0 pair of gloves
Will    .....                   (no boots)
Stlth   +++++.....              (no amulet)
HPRegen 0.00/turn               g - ring of magical power
MPRegen 0.15/turn               k - +6 ring of strength

@: very slightly contaminated, bloodless, inhibited regen
A: bloodless, fangs 3, see invisible, vampiric 2
a: Bat Form, Revivify


You were on level 4 of the Dungeon.
You visited 1 branch of the dungeon, and saw 4 of its levels.

You collected 148 gold pieces.

Inventory:

Hand Weapons
 a - a +1 dagger (weapon)
Armour
 b - a +0 robe (worn)
 o - a +0 pair of gloves (worn)
Jewellery
 g - a ring of magical power (left hand)
 k - a +6 ring of strength (right hand)
Scrolls
 e - a scroll of blinking
Potions
 c - 3 potions of invisibility
 d - 2 potions of curing
 f - a potion of brilliance
 h - a potion of resistance {unknown}
 i - 2 potions of heal wounds {unknown}
 j - a potion of flight {unknown}
 l - a potion of might
 m - a potion of mutation {unknown}
 n - 2 potions of haste {unknown}


   Skills:
 - Level 2.0 Fighting
 - Level 3.0 Short Blades
 - Level 1.0 Armour
 - Level 3.0 Dodging
 + Level 6.4 Stealth
 - Level 2.0 Spellcasting
 - Level 5.0 Hexes
 - Level 1.0 Ice Magic


You had 3 spell levels left.
You knew the following spells:

 Your Spells              Type           Power      Damage    Failure   Level
a - Ensorcelled Hibernat  Hex/Ice        22%        N/A       9%          2
b - Confusing Touch       Hex            18%        N/A       8%          3

Your spell library contained the following spells:

 Spells                   Type           Power      Damage    Failure   Level
 Tukima's Dance           Hex            18%        N/A       8%          3
 Magic Dart               Conj           4%         1d3       19%         1
 Dazzling Flash           Conj/Hex       20%        N/A       21%         3
 Passwall                 Tmut/Erth      0%         N/A       28%         2
 Searing Ray              Conj           2%         2d4       28%         2
 Sublimation of Blood     Necr           1%         N/A       28%         2
 Swiftness                Air            1%         N/A       50%         3
 Anguish                  Hex/Necr       5%         N/A       56%         4
 Fulminant Prism          Conj/Hex       5%         3d7       56%         4
 Petrify                  Tmut/Erth      1%         N/A       88%         4
 Irradiate                Conj/Tmut      0%         3d13      99%         5
 Enfeeble                 Hex            9%         N/A       100%        7


Dungeon Overview and Level Annotations

Branches:
Dungeon (4/15)
 Temple: D:4-7

Altars:
Cheibriados


Innate Abilities, Weirdness & Mutations

You do not regenerate when monsters are visible.
You are frail without blood (-20% HP).
You can heal yourself when you bite living creatures.
You are immune to poison.
You have razor-sharp teeth.
You have supernaturally acute eyesight. (SInv)
You are afflicted with vampirism and can become a bat while bloodless.


Message History

The orc shouts! x2
The helpless goblin fails to defend itself.
You bite the goblin, and draw its blood!
You feel better.
You impale the goblin!!
You kill the goblin!
You miscast Ensorcelled Hibernation.
Nothing appears to happen.
The orc hits you with a +0 hand axe.
The orc resists with significant effort.
The orc closely misses you.
You miscast Ensorcelled Hibernation.
Nothing appears to happen.
The orc hits you from afar with a +0 trident!
The orc closely misses you. The orc hits you with a +0 trident.
You see here a +0 dagger.
The orc resists with significant effort.
The orc hits you with a +0 hand axe. The orc hits you with a +0 trident!
* * * LOW HITPOINT WARNING * * *
You are too injured to fight recklessly!
Casting: Ensorcelled Hibernation (safe; 9% risk of failure)
Confirm with . or Enter, or press ? or * to list all spells.
Aiming: Ensorcelled Hibernation (safe; 9% risk of failure)
Press: ? - help, Shift-Dir - straight line, f - orc, p - orc
Aim: an orc, wielding a +0 trident (chance to affect: 62%)
The orc resists with significant effort.
The orc misses you. The orc barely misses you.
Casting: Ensorcelled Hibernation (safe; 9% risk of failure)
Confirm with . or Enter, or press ? or * to list all spells.
Aiming: Ensorcelled Hibernation (safe; 9% risk of failure)
Press: ? - help, Shift-Dir - straight line, f/p - orc
Aim: an orc, wielding a +0 trident (chance to affect: 62%)
The orc looks drowsy...
The orc hits you with a +0 hand axe.
* * * LOW HITPOINT WARNING * * *
The helpless orc fails to defend itself.
You bite the orc, and draw its blood!
You feel better.
You impale the orc!!
You kill the orc!
The orc hits you with a +0 hand axe.
* * * LOW HITPOINT WARNING * * *
You hit the orc.
The orc is moderately wounded.
The orc barely misses you. The orc hits you with a +0 hand axe.
You die...

###. .... .... ########
#...#####......#
#......##.####.#
.....#.......#.#######..
#...##.......@o...... .
##.###..#.#.o######..
#.# #.......#
#.####.#....# # #..#
#.####(# ###.##.###.#
#.# .....<..# .. ..#
....##..# ... ... #..#


You could see 2 orcs.

Vanquished Creatures
  A phantom (D:2)
  An orc wizard (D:3)
  3 adders
  3 worms
  9 orcs
  9 ball pythons
  7 endoplasms
  7 giant cockroaches
  5 goblins
  3 hobgoblins
  6 jackals
  2 quokkas
  6 bats
  6 frilled lizards (D:1)
  4 kobolds
  4 rats
76 creatures vanquished.

Notes
Turn   | Place    | Note
-------+----------+-------------------------------------------
     0 | D:1      | Murumi the Vampire Enchanter began the quest for the Orb.
     0 | D:1      | Reached XP level 1. HP: 13/13 MP: 3/3
    72 | D:1      | Reached skill level 5 in Stealth
   250 | D:1      | Reached XP level 2. HP: 15/15 MP: 5/5
   272 | D:1      | Learned a level 2 spell: Ensorcelled Hibernation
   695 | D:1      | Reached skill level 5 in Hexes
   719 | D:1      | Gained mutation: You are afflicted with vampirism and can
                  | become a bat while bloodless. [Vampire growth]
   719 | D:1      | Reached XP level 3. HP: 19/19 MP: 2/6
   773 | D:1      | Learned a level 3 spell: Confusing Touch
  1353 | D:2      | Noticed a phantom
  1370 | D:2      | Killed a phantom
  1371 | D:2      | Reached skill level 1 in Fighting
  1371 | D:2      | Reached skill level 1 in Ice Magic
  1371 | D:2      | Reached XP level 4. HP: 16/26 MP: 7/7
  1766 | D:2      | Reached skill level 6 in Stealth
  1828 | D:2      | Reached XP level 5. HP: 30/30 MP: 8/8
  2317 | D:3      | Found a snail-covered altar of Cheibriados.
  2400 | D:3      | Reached skill level 1 in Armour
  3045 | D:4      | Slain by an orc

Illustrated notes

Levels and vault maps discovered:
D:1:      minmay_arrival_stair_chambers, layout_rooms, st_stairs_3,
          minmay_tetromino_t2
D:2:      layout_basic, minmay_misc_feat_tiny
D:3:      layout_basic, mainiacjoe_overflow_six_doors_small,
          minmay_misc_feat_diagonals
D:4:      layout_loops_cross, minmay_shop_grid_forest, minmay_three_crescents,
          uniq_ijyb

Skill      XL: |  1  2  3  4  5 |
---------------+----------------+-----
Stealth        | 5 6 |  6.4
Short Blades   | 2 3 |  3.0
Hexes          | 5 |  5.0
Dodging        | 3 |  3.0
Fighting       | 2 |  2.0
Ice Magic      | 1 |  1.0
Armour         | 1 |  1.0
Spellcasting   | |  2.0

Action                   |  1- 3 |  4- 6 || total
-------------------------+-------+-------++-------
Melee: Dagger            |    59 |    50 ||   109
       Bite              |     6 |     2 ||     8
       Punch             |     2 |       ||     2
 Cast: Ensorcelled Hiber |    19 |    40 ||    59
       Confusing Touch   |     1 |       ||     1
 Abil: Exsanguinate      |     1 |       ||     1
  Use: Scroll            |     4 |     6 ||    10
 Stab: Sleeping          |    29 |    35 ||    64
       Confused          |     2 |       ||     2
Armor: Robe              |     6 |     5 ||    11
Dodge: Dodged            |    21 |    39 ||    60

Table legend: (Time is in decaauts)
 A = Elapsed time spent in this place.
 B = Non-inter-level travel time spent in this place.
 C = Inter-level travel time spent in this place.
 D = Time resting spent in this place.
 E = Time spent auto-exploring this place.
 F = Levels seen in this place.
 G = Mean time per level.
                   A        B        C        D        E       F      G
               +--------+--------+--------+--------+--------+-----+--------+
         Total |   3038 |   2732 |    306 |    114 |   2094 |   4 |  759.5 |
       Dungeon |   3038 |   2732 |    306 |    114 |   2094 |   4 |  759.5 |
               +--------+--------+--------+--------+--------+-----+--------+

Top non-repeatable levels by time:
     D:1: 1118 daAuts
     D:2: 1018 daAuts
     D:3: 851 daAuts
     D:4: 49 daAuts
